 Dungeon Crawl Stone Soup version 0.28.0 (webtiles) character file.

Game seed: 13309783330912691254

16 mkm the Digger (level 2, -6/15 HPs)
             Began as a Gargoyle Earth Elementalist on Feb 10, 2022.
             Killed from afar by an orc wizard (10 damage)
             ... with a puff of flame
             ... on level 4 of the Dungeon.
             The game lasted 00:03:55 (1250 turns).

mkm the Digger (Gargoyle Earth Elementalist)        Turns: 1250, Time: 00:03:57

Health: -6/15      AC:  4    Str: 11    XL:     2   Next: 58%
Magic:  5/5        EV: 11    Int: 15    God:
Gold:   56         SH:  0    Dex: 10    Spells: 5/6 levels left

rFire   . . .      SeeInvis .   g - +0 dagger
rCold   . . .      Faith    .   (no shield)
rNeg    + . .      Spirit   .   b - +0 robe
rPois   ∞          Reflect  .   (no helmet)
rElec   +          Harm     .   (no cloak)
rCorr   .          Rampage  .   (no gloves)
Will    .....                   (no boots)
Stlth   ++........              (no amulet)
HPRegen 0.05/turn               (no ring)
MPRegen 0.09/turn               (no ring)

@: no status effects
A: sickness immunity, AC +2, negative energy resistance 1, electricity
resistance, torment resistance 1, petrification resistance
a: no special abilities


You were on level 4 of the Dungeon.
You visited 1 branch of the dungeon, and saw 3 of its levels.

You collected 56 gold pieces.

Inventory:

Hand Weapons
 g - a +0 dagger (weapon)
Missiles
 c - 24 stones
Armour
 b - a +0 robe (worn)
Scrolls
 d - a scroll of identify {unknown}
 e - a scroll of fear {unknown}
Potions
 i - a potion of cancellation {unknown}


   Skills:
 - Level 1.5 Dodging
 - Level 2.1 Stealth
 + Level 2.5 Spellcasting
 - Level 0.7 Transmutations
 + Level 4.2 Earth Magic


You had 5 spell levels left.
You knew the following spells:

 Your Spells              Type           Power      Damage    Failure   Level
a - Sandblast             Erth           28%        2d8       3%          1

Your spell library contained the following spells:

 Spells                   Type           Power      Damage    Failure   Level
 Passwall                 Tmut/Erth      7%         N/A       12%         2
 Stone Arrow              Conj/Erth      16%        3d8       26%         3
 Blink                    Tloc           2%         N/A       32%         2
 Static Discharge         Conj/Air       1%         N/A       32%         2
 Lesser Beckoning         Tloc           1%         N/A       54%         3
 Petrify                  Tmut/Erth      9%         N/A       58%         4
 Dispel Undead            Necr           1%         3d6       91%         4
 Sticky Flame             Conj/Fire      1%         2d3       91%         4
 Manifold Assault         Tloc           1%         N/A       99%         5


Dungeon Overview and Level Annotations

Branches:
Dungeon (2/15)

Altars:


Innate Abilities, Weirdness & Mutations

You are immune to sickness and miasma.
Your stone body is resilient. (AC +2)
You are immune to poison.
You resist negative energy. (rN+)
You are resistant to electric shocks. (rElec)
You are resistant to unholy torment.
You are immune to petrification.


Message History

As you read the scroll of fog, it crumbles to dust.
The scroll dissolves into smoke.
Found a stone staircase leading down.
The orc barely misses you.
An adder comes into view.
Found a scroll labelled PUZANL FYMYAMA.
The adder closely misses you. The adder barely misses you.
Found a scroll of blinking.
The adder misses you.
The orc hits the plant with a +0 mace.
The plant begins to die.
The adder closely misses you.
Found 9 gold pieces.
The adder barely misses you.
You see here a scroll of blinking.
A nearby plant withers and dies.
The adder bites you.
The scorpion stings you but does no damage.
You see here 9 gold pieces.
The adder barely misses you. The scorpion stings you. The adder bites you.
Blink to where?
Press: ? - help, Dir - move target 4 orcs and an orc wizard come into view.
The orc wizard is wielding a +1 dagger of speed.
Found a purple potion and a sedimented inky potion.
Found a stone staircase leading down.
As you read the scroll of blinking, it crumbles to dust.
The orc shouts!
The orc wizard shouts!
The orc shouts!
The orc moves out of view.
The orc shouts!
You hear an angry hiss.
There is a stone staircase leading down here.
The orc hits you with a +0 short sword.
* * * LOW HITPOINT WARNING * * *
The orc hits you but does no damage. The orc wizard barely misses you.
The orc wizard gestures at you while chanting.
The puff of flame hits you!
Ouch! That really hurt!
You die...

### ### #.. ..# #.# #.#
#.###.############
#..............o.o
#@o...s......S....
#....ooo.#o############
#........+...
#........#.....
#........#o....#
#....!...#.!...#
#..............#
#........#.


You could see a scorpion, an orc wizard and 4 orcs.

Vanquished Creatures
  A dart slug (D:2)
  3 endoplasms
  3 hobgoblins
  A bat (D:1)
  A frilled lizard (D:1)
  A goblin (D:2)
  A kobold (D:2)
  4 rats
15 creatures vanquished.

Vanquished Creatures (others)
  2 plants (D:4)
2 creatures vanquished.

Grand Total: 17 creatures vanquished

Notes
Turn   | Place    | Note
-------+----------+-------------------------------------------
     0 | D:1      | mkm the Gargoyle Earth Elementalist began the quest for the
                  | Orb.
     0 | D:1      | Reached XP level 1. HP: 10/10 MP: 3/3
   246 | D:1      | Reached XP level 2. HP: 9/15 MP: 5/5
   375 | D:1      | Reached skill level 4 in Earth Magic
   518 | D:1      | Found a faded altar of an unknown god.
  1211 | D:2      | You fall into a shaft and drop 2 floors!
  1211 | D:4      | Noticed a scorpion
  1211 | D:4      | Noticed an orc warrior
  1250 | D:4      | Killed from afar by an orc wizard

Illustrated notes

Levels and vault maps discovered:
D:1:      amcnicky_arrival_single_pillar, layout_basic,
          chequers_ecumenical_altar_twisty
D:2:      layout_loops_ring
D:4:      layout_basic, serial_bayou_pond_b, uniq_natasha, uniq_menkaure,
          uniq_ijyb

Skill      XL: |  1  2 |
---------------+-------+-----
Earth Magic    | 4 |  4.2
Dodging        | |  1.5
Stealth        | |  2.1
Spellcasting   | |  2.5
Transmutations | |  0.7

Action                   || total
-------------------------++-------
Melee: Falchion          ||    15
       Dagger            ||    13
 Cast: Sandblast         ||    10
  Use: Scroll            ||     5
Armor: Robe              ||    11
Dodge: Dodged            ||    21
